 Dungeon Crawl Stone Soup version 0.25.0-11-g1f837a76a1 (webtiles) character file.

Game seed: 5541864541963787723

20811 sking99 the Frost Mage (level 13, -3/82 HPs)
             Began as a Halfling Ice Elementalist on June 27, 2020.
             Was an Elder of Sif Muna.
             Killed from afar by a catoblepas (4 damage)
             ... with a blast of calcifying dust
             ... while petrified by you
             ... on level 3 of the Lair of Beasts.
             The game lasted 00:51:18 (19267 turns).

sking99 the Frost Mage (Halfling Ice Elementalist) Turns: 19267, Time: 00:51:18

Health: -3/82      AC:  9    Str: 14    XL:     13   Next: 15%
Magic:  18/20      EV:  3    Int: 15    God:    Sif Muna [****..]
Gold:   684        SH:  0    Dex: 27    Spells: 7/22 levels left

rFire    . . .     SeeInvis .   v - +9 whip of Overwhelming Force {drain, rN+ Str+3 Dex+5}
rCold    . . .     Gourm    .   D - +0 buckler
rNeg     + + +     Faith    .   x - +0 steam dragon scales
rPois    ∞         Spirit   .   G - +0 hat
rElec    .         Reflect  +   a - scarf {repulsion}
rCorr    .         Harm     .   s - +1 pair of gloves
MR       .....                  e - +1 pair of boots
Stlth    +++.......             d - amulet of reflection
HPRegen  0.23/turn              f - +6 ring of dexterity
MPRegen  0.17/turn              o - ring of wizardry

@: petrified, repel missiles
A: small, mutation resistance 1
a: Channel Magic, Forget Spell, Divine Exegesis, Renounce Religion


You were on level 3 of the Lair of Beasts.
You worshipped Sif Muna.
Sif Muna was greatly pleased with you.
You were not hungry.

You visited 3 branches of the dungeon, and saw 15 of its levels.
You also visited: Sewer.

You collected 900 gold pieces.
You spent 216 gold pieces at shops.

Inventory:

Hand Weapons
 v - the +9 whip of Overwhelming Force (weapon) {drain, rN+ Str+3 Dex+5}
   (You found it on level 5 of the Dungeon)

   A truly terrible weapon, it drains the life of those it strikes.
   It affects your strength (+3).
   It affects your dexterity (+5).
   It protects you from negative energy.
Armour
 a - a scarf of repulsion (worn)
 e - a +1 pair of boots (worn)
 s - a +1 pair of gloves (worn)
 x - +0 steam dragon scales (worn)
 D - a +0 buckler (worn)
 G - a +0 hat (worn)
Jewellery
 d - an amulet of reflection (around neck)
 f - a +6 ring of dexterity (left hand)
 o - a ring of wizardry (right hand)
 t - an uncursed ring of stealth
Wands
 p - a wand of iceblast (24)
 w - a wand of flame (55)
 y - a wand of random effects (27)
 A - a wand of acid (18)
 C - a wand of paralysis (21)
 E - a wand of polymorph (8)
Scrolls
 h - 4 scrolls of amnesia
 k - 8 scrolls of remove curse
 q - 7 scrolls of magic mapping
 r - 2 scrolls of enchant weapon
 u - 5 scrolls of teleportation
 B - 5 scrolls of identify
Potions
 b - 4 potions of brilliance
 g - 2 potions of invisibility
 i - 4 potions of heal wounds
 j - 2 potions of cancellation
 l - 3 potions of berserk rage
 m - 3 potions of ambrosia
 n - 3 potions of curing
 z - a potion of might
Comestibles
 c - 23 rations


   Skills:
 + Level 5.4 Fighting
 + Level 8.6 Maces & Flails
 + Level 7.6 Dodging
 - Level 2.1 Stealth
 - Level 5.6 Shields
 - Level 5.0 Spellcasting
 - Level 4.0 Conjurations
 - Level 4.0 Summonings
 - Level 10.0 Ice Magic
 + Level 9.6 Invocations


You had 7 spell levels left.
You knew the following spells:

 Your Spells              Type           Power        Failure   Level  Hunger
a - Freeze                Ice            ####         1%          1    None
b - Frozen Ramparts       Ice            ####..       1%          3    ###....
c - Ozocubu's Armour      Chrm/Ice       ###.....     2%          3    ###....
d - Hailstorm             Conj/Ice       ###.....     3%          4    ####...
e - Summon Ice Beast      Ice/Summ       ###.....     3%          4    ####...

Your spell library contained the following spells:

 Spells                   Type           Power        Failure   Level  Hunger
 Ensorcelled Hibernation  Hex/Ice        ###...       1%          2    ##.....
 Animate Skeleton         Necr           N/A          6%          1    None
 Corona                   Hex            #......      6%          1    None
 Pain                     Necr           #...         6%          1    None
 Dazzling Flash           Conj/Hex       #.....       9%          3    ###....
 Confusing Touch          Hex            #.......     19%         3    ###....
 Tukima's Dance           Hex            #.......     19%         3    ###....
 Vampiric Draining        Necr           #.........   19%         3    ###....
 Animate Dead             Necr           N/A          52%         4    ####...
 Cause Fear               Hex            #.........   52%         4    ####...
 Agony                    Necr           #.......     85%         5    ######.
 Silence                  Hex/Air        #.........   85%         5    ######.
 Yara's Violent Unravell  Hex/Tmut       #.........   85%         5    ######.
 Discord                  Hex            #.........   100%        8    #######


Dungeon Overview and Level Annotations

Branches:
Dungeon (11/15)            Temple (1/1) D:6            Lair (3/6) D:11
  Swamp (0/4) Lair:2        Snake (0/4) Lair:3          Orc (0/2) D:10
  Sewer (visited)

Altars:
Ashenzari
Cheibriados
Dithmenos
Elyvilon
Fedhas
Gozag
Hepliaklqana
Kikubaaqudgha
Makhleb
Nemelex Xobeh
Okawaru
Qazlal
Ru
Sif Muna
Trog
Uskayaw
Vehumet
Wu Jian
Xom
Yredelemnul
Zin
The Shining One

Shops:
D:5 %%(   D:6 %   D:7 !   D:8 *   D:9 ?(

Portals:
Trove: D:10 (give +4 shadow dragon scales)


Innate Abilities, Weirdness & Mutations

You are small and have problems with some larger weapons.
You are somewhat resistant to further mutation.


Message History

The catoblepas gores you!!
The plant is engulfed in calcifying dust.
The catoblepas gores you!
The plant is no longer petrified.
The catoblepas gores you!
* * * LOW HITPOINT WARNING * * *
The catoblepas breathes a plume of calcifying dust at you.
The blast of calcifying dust hits you.
* * * LOW HITPOINT WARNING * * *
You are engulfed in calcifying dust.
The catoblepas breathes a plume of calcifying dust at you.
The blast of calcifying dust hits you.
* * * LOW HITPOINT WARNING * * *
You are engulfed in calcifying dust.
The catoblepas gores you!
* * * LOW HITPOINT WARNING * * *
You are engulfed in calcifying dust.
The catoblepas gores you!!
* * * LOW HITPOINT WARNING * * *
You are engulfed in calcifying dust.
The catoblepas breathes a plume of calcifying dust at you.
The blast of calcifying dust hits you!
You die...

##.........# #...#
##.........## #.....
###..........# ##P.....
#P...........###.......
#...........##P#......
##....................
##..........#...###.
#........##.#.....#
####......#.#.Y@.§#
###.....................
#P..P...#.#......>......
#..P######...#.....#....
.....# ##......### ...
.#.### #....... .. P###
#####.... . .# ##.....
## .....


You could see a catoblepas.

Vanquished Creatures
  Gastronok (Lair:2)
  A two-headed ogre (D:11)
  A manticore (D:11)
  A centaur zombie (D:11)
  A guardian serpent (Lair:3)
  5 spiny frogs
  Maggie (D:6)
  A rime drake (Lair:2)
  A komodo dragon (Lair:1)
  A tengu conjurer (D:11)
  A troll (D:10)
  2 hippogriffs
  14 blink frogs
  A spriggan (D:8)
  Sigmund (D:5)
  11 yaks
  2 wyverns
  A basilisk (Lair:2)
  3 steam dragons
  A hungry ghost (D:11)
  Edmund (D:5)
  Duvessa (D:5)
  12 porcupines
  7 sky beasts
  2 black bears
  5 ice beasts
  8 orc warriors
  4 ogres
  2 phantoms
  3 wolves (Lair:2)
  9 centaurs
  5 crocodiles
  2 big kobolds (D:11)
  Blork the orc (D:4)
  15 bullfrogs
  Dowan (D:5)
  A scorpion (D:7)
  4 wights (D:6)
  4 howler monkeys
  3 crimson imps
  A bullfrog zombie (D:11)
  A quasit (D:10)
  3 centaur skeletons
  2 jellies
  3 orc priests
  2 hounds
  14 orc wizards
  Terence (D:2)
  Jessica (D:2)
  7 iguanas
  Ijyb (D:3)
  10 worker ants
  A killer bee zombie (D:6)
  A hound skeleton (D:11)
  2 worker ant zombies
  10 gnolls
  17 adders
  2 shadow imps
  An ooze (D:2)
  2 adder zombies
  3 worms
  4 dart slugs
  4 leopard geckos
  39 orcs
  3 ball pythons
  7 giant cockroaches
  14 goblins
  8 hobgoblins
  2 jackals (D:9)
  4 quokkas
  17 bats
  6 frilled lizards
  15 kobolds
  2 leopard gecko skeletons (D:4)
  10 rats
361 creatures vanquished.

Vanquished Creatures (collateral kills)
  A swamp dragon (Lair:2)
1 creature vanquished.

Vanquished Creatures (others)
  A blink frog (Lair:3)
  4 fungi
  A plant (Lair:2)
6 creatures vanquished.

Grand Total: 368 creatures vanquished

Notes
Turn   | Place    | Note
-------+----------+-------------------------------------------
     0 | D:1      | sking99 the Halfling Ice Elementalist began the quest for
                  | the Orb.
     0 | D:1      | Reached XP level 1. HP: 11/11 MP: 3/3
   383 | D:1      | Reached XP level 2. HP: 18/18 MP: 1/4
   737 | D:1      | Reached skill level 1 in Fighting
  1049 | D:1      | Reached XP level 3. HP: 22/23 MP: 3/5
  1272 | D:1      | Learned a level 3 spell: Frozen Ramparts
  1794 | D:2      | Noticed Terence
  1937 | D:2      | Found a shadowy altar of Dithmenos.
  1945 | D:2      | Reached XP level 4. HP: 23/28 MP: 0/6
  2693 | D:2      | Noticed Jessica
  2703 | D:2      | Killed Jessica
  2703 | D:2      | Reached skill level 5 in Ice Magic
  2703 | D:2      | Reached XP level 5. HP: 29/34 MP: 4/7
  2784 | D:2      | Killed Terence
  3423 | D:3      | Found a glowing drain.
  3607 | Sewer    | Entered a sewer
  3693 | Sewer    | Noticed a crocodile
  3704 | Sewer    | Killed a crocodile
  3704 | Sewer    | Reached XP level 6. HP: 41/41 MP: 3/9
  3853 | D:3      | Noticed Ijyb
  3863 | D:3      | Killed Ijyb
  4539 | D:4      | Noticed an ogre
  4555 | D:4      | Killed an ogre
  4555 | D:4      | Reached skill level 6 in Ice Magic
  4555 | D:4      | Reached XP level 7. HP: 45/45 MP: 4/10
  4901 | D:4      | Noticed Blork the orc
  4923 | D:4      | Killed Blork the orc
  5497 | D:4      | Found a sparkling altar of Nemelex Xobeh.
  5767 | D:5      | Entered Level 5 of the Dungeon
  6206 | D:5      | Found Xoufuell's Weapon Boutique.
  6217 | D:5      | Reached skill level 7 in Ice Magic
  6217 | D:5      | Reached XP level 8. HP: 45/52 MP: 5/12
  6318 | D:5      | Found Diopohaz's Food Shop.
  6350 | D:5      | Noticed Sigmund
  6810 | D:5      | Noticed Edmund
  6822 | D:5      | Killed Edmund
  7045 | D:5      | Killed Sigmund
  7449 | D:5      | Reached XP level 9. HP: 49/59 MP: 7/15
  7450 | D:5      | Noticed Dowan
  7527 | D:5      | Noticed Duvessa
  7535 | D:5      | Killed Duvessa
  7535 | D:5      | Reached skill level 5 in Dodging
  7538 | D:5      | Killed Dowan
  7635 | D:5      | Found Hoarus's Food Boutique.
  7660 | D:5      | Got a faintly glowing whip
  7661 | D:5      | Identified the +9 whip of Overwhelming Force {drain, rN+
                  | Str+3 Dex+5} (You found it on level 5 of the Dungeon)
  8127 | D:6      | Found a white marble altar of Elyvilon.
  8189 | D:6      | Reached skill level 5 in Fighting
  8189 | D:6      | Reached skill level 5 in Spellcasting
  8333 | D:6      | Found Qeumaom's Food Boutique.
  8449 | D:6      | Noticed Maggie
  8492 | D:6      | Killed Maggie
  8492 | D:6      | Reached skill level 1 in Maces & Flails
  8678 | D:6      | Found a staircase to the Ecumenical Temple.
  8720 | Temple   | Entered the Ecumenical Temple
  8982 | Temple   | Became a worshipper of Sif Muna the Loreminder
  9193 | D:6      | Learned a level 3 spell: Ozocubu's Armour
  9817 | D:7      | Reached XP level 10. HP: 60/66 MP: 10/17
  9871 | D:7      | Reached skill level 1 in Invocations
  9967 | D:7      | Found Loiruq's Distillery.
  9976 | D:7      | Reached skill level 8 in Ice Magic
 10002 | D:7      | Bought a potion of might for 56 gold pieces
 10002 | D:7      | Bought a potion of heal wounds for 70 gold pieces
 10210 | D:7      | Found an opulent altar of Gozag.
 10224 | D:7      | Reached * piety under Sif Muna
 10698 | D:8      | Found Isehibea's Elemental Accessories.
 10874 | D:8      | Found an ancient bone altar of Kikubaaqudgha.
 10893 | D:8      | Reached skill level 1 in Shields
 11673 | D:9      | Reached ** piety under Sif Muna
 11686 | D:9      | Paralysed by a centaur for 2 turns
 11849 | D:9      | Found a bloodstained altar of Trog.
 11851 | D:9      | Found a burning altar of Makhleb.
 11852 | D:9      | Found an iron altar of Okawaru.
 12056 | D:9      | Found Roryong's Weapon Shop.
 12096 | D:9      | Found Diapp's Magic Scroll Boutique.
 12127 | D:9      | Reached skill level 9 in Ice Magic
 12168 | D:9      | Reached skill level 5 in Maces & Flails
 12168 | D:9      | Reached XP level 11. HP: 68/72 MP: 18/18
 12189 | D:9      | Bought a scroll of enchant armour for 90 gold pieces
 12632 | D:10     | Entered Level 10 of the Dungeon
 12750 | D:10     | Reached skill level 5 in Invocations
 12757 | D:10     | Learned a level 4 spell: Hailstorm
 12762 | D:10     | Learned a level 4 spell: Summon Ice Beast
 13028 | D:10     | Reached *** piety under Sif Muna
 13182 | D:10     | Reached skill level 1 in Conjurations
 13182 | D:10     | Reached skill level 1 in Summonings
 13229 | D:10     | Reached skill level 5 in Shields
 13418 | D:10     | Found a staircase to the Orcish Mines.
 13707 | D:10     | Got a jewelled leather armour
 13768 | D:10     | Found a shattered altar of Ashenzari.
 13783 | D:10     | Found a portal to a secret trove of treasure.
 14187 | D:11     | Found a staircase to the Lair.
 14263 | D:11     | Noticed a two-headed ogre
 14317 | D:11     | Killed a two-headed ogre
 14326 | D:11     | Reached **** piety under Sif Muna
 14460 | D:11     | Noticed a manticore
 14484 | D:11     | Killed a manticore
 14506 | D:11     | Identified the +1 leather armour of Utarrik {rN+} (You
                  | found it on level 10 of the Dungeon)
 14557 | D:11     | Reached XP level 12. HP: 77/77 MP: 15/19
 14895 | Lair:1   | Entered Level 1 of the Lair of Beasts
 15993 | Lair:1   | Reached skill level 10 in Ice Magic
 17178 | Lair:2   | Noticed a swamp dragon
 17180 | Lair:2   | Found a staircase to the Swamp.
 17201 | Lair:2   | Killed a swamp dragon
 17929 | Lair:2   | Noticed Gastronok
 17943 | Lair:2   | Killed Gastronok
 17943 | Lair:2   | Reached XP level 13. HP: 55/81 MP: 0/20
 19066 | Lair:3   | Found a staircase to the Snake Pit.
 19251 | Lair:3   | Noticed a catoblepas
 19266 | Lair:3   | HP: 1/82 [catoblepas (14)]
 19267 | Lair:3   | Killed from afar by a catoblepas

Illustrated notes

Levels and vault maps discovered:
D:1:      saegor_arrival_simple_b, layout_loops_corners
D:2:      layout_basic, nicolae_dithmenos_through_a_glass_darkly, uniq_terence,
          uniq_jessica
D:3:      layout_loops_ring, portal_sewer_entry_b, first_ration, minivault_19,
          uniq_ijyb
D:4:      layout_loops_corners, lemuel_round_altar, uniq_blork_the_orc
D:5:      layout_basic, serial_shops, shop_coins, shop, shop,
          kennysheep_generic_room_7, uniq_edmund, uniq_duvessa, uniq_sigmund
D:6:      layout_loops_corners, lemuel_doored_altar,
          minmay_temple_entry_large_hall, serial_shops, shop, uniq_maggie
D:7:      layout_rooms, kennysheep_little_box, serial_shops, shop
D:8:      layout_loops_ring, old_standard_altar, the_bakery,
          nicolae_elemental_shop, minmay_misc_feat_four_crosses
D:9:      layout_long_grid, chequers_temple_overflow_statue_of_worship,
          serial_shops, shop_statue, shop_scrolls
D:10:     layout_loops_corners, david_orc_4, enter_trove_2, ashenzari_altar_1
D:11:     layout_rooms, lair_entry_dummy, hive_lemuel
Temple:   dpeg_chambers_temple
Lair:1:   layout_roguey, minivault_27, beast_lair_carwin_1
Lair:2:   layout_concentric_octagons, minmay_swamp_entry_reptiles,
          beast_lair_carwin_2, uniq_gastronok
Lair:3:   layout_cave_pods, minmay_snake_entry_spellcaster, st_stairs_3,
          beast_lair_carwin_9, uniq_nergalle

Skill      XL: |  1  2  3  4  5  6  7  8  9 10 11 12 |
---------------+-------------------------------------+-----
Fighting       | 1 2 3 4 5 |  5.4
Dodging        | 3 4 6 7 |  7.6
Ice Magic      | 5 6 7 9 10 | 10.0
Spellcasting   | 2 4 5 |  5.0
Maces & Flails | 3 5 6 8 |  8.6
Invocations    | 4 6 9 |  9.6
Shields        | 3 5 |  5.6
Conjurations   | 2 4 |  4.0
Summonings     | 2 4 |  4.0
Stealth        | |  2.1

Action                   |  1- 3 |  4- 6 |  7- 9 | 10-12 | 13-15 || total
-------------------------+-------+-------+-------+-------+-------++-------
Melee: Unarmed           |     5 |       |       |       |       ||     5
       Dagger            |    18 |    22 |    50 |       |       ||    90
       Whip              |       |       |    47 |   306 |    22 ||   375
 Cast: Freeze            |    54 |    79 |   132 |   325 |    37 ||   627
       Frozen Ramparts   |       |     6 |    21 |    25 |     1 ||    53
       Ozocubu's Armour  |       |       |       |     1 |       ||     1
       Summon Ice Beast  |       |       |       |     4 |     3 ||     7
Invok: Channel Magic     |       |       |       |     2 |       ||     2
  Use: Scroll            |       |     7 |     1 |    11 |       ||    19
       Potion            |       |       |       |     1 |       ||     1
 Stab: Sleeping          |       |       |     2 |     6 |       ||     8
       Distracted        |       |       |       |     3 |       ||     3
  Eat: Chunk             |     4 |    11 |    12 |    24 |     3 ||    54
       Ration            |       |       |     2 |     2 |       ||     4
Armor: Robe              |     5 |     4 |    13 |       |       ||    22
       Steam dragon scal |       |       |     8 |    53 |     5 ||    66
Dodge: Dodged            |    55 |    49 |   174 |   306 |    41 ||   625
       Repelled          |       |       |       |       |     1 ||     1
Block: Buckler           |       |       |       |   304 |    33 ||   337
       Other             |       |       |       |    10 |       ||    10
       Reflection        |       |       |       |    16 |       ||    16
